Unix NetHack Version 5.0.0-0 post-release - last build May  3 2026 23:40:34 (9823c992c0763bbd039eca2974112f46eaf799b3,branch:main).

Game began 2026-05-04 15:31:51, ended 2026-05-04 15:54:21.

2459783kj, lawful female human Samurai

                        ---         --
                       --.--- ---- -.--
                       -....---..| ...---
                       ......|...--.....--
                -       .................|
                |.--    -...............-     | |
                -...-----..........(....----  .!..-
                  |.........................G....
                - |.......................--
                |.....<.........@...G.>....|
                |...........--.Gh..-- --  --
                --....--....--....--
                -....- ----........-
               ..--..     -....---..
                  ---     .....|  ...-
                          -...--   *..
                          |....    -...
                          --...     ....|
                           --...    --..|
                            |..-      ---
                            ----
2459783kj the Ronin    St:14 Dx:16 Co:18 In:11 Wi:8 Ch:8  Lawful
Dlvl:4  $:30 HP:0(37) Pw:12(12) AC:4  Xp:3 T:1154  Weak     Stressed

Latest messages:
 You have a little trouble lifting a statue of a lichen.  Continue? [ynq] (q) n
 You don't have anything to eat.
 Are you sure you want to pray? [yn] (n) y
 You begin praying to Amaterasu Omikami.
 You are surrounded by a shimmering light.
 You finish your prayer.
 You feel that Amaterasu Omikami is well-pleased.
 Suspend command not available.
 You kill the jackal!
 You see here a murky potion.
 u - a murky potion.
 You don't have anything to eat.
 You miss the jackal.
 The jackal bites!
 You kill the jackal!
 You see here a jackal corpse.
 Hachi eats a jackal corpse.
 Double run prefix, canceled.
 There's some graffiti on the floor here.
 You read: "We ?polcgize for  he ?n?o?vcnience."
 You swap places with Hachi.
 You hear the chime of a cash register.
 You descend the stairs.
 You are beginning to feel weak.
 The gnome wields a bow!
 You kill the gnome!
 You see here a gnome corpse.
 You have trouble lifting a gnome corpse.  Continue? [ynq] (q) y
 You have trouble lifting v - a gnome corpse.
 You rebalance your load.  Movement is difficult.
 What do you want to eat? [v or ?*] v
 This gnome corpse is gamey.
 The dwarf wields a dwarvish short sword!
 You stop eating the gnome corpse.
 The dwarf thrusts his dwarvish short sword.
 The dwarf hits!
 You miss the dwarf.
 The dwarf thrusts his dwarvish short sword.
 The dwarf misses!
 You hit the dwarf.
 The dwarf thrusts his dwarvish short sword.
 The dwarf hits!
 The dwarf thrusts his dwarvish short sword.
 The dwarf hits!
 You die...
 Do you want your possessions identified? [ynq] (y) n
 Do you want to see your attributes? [ynq] (y) n
 Do you want an account of creatures vanquished? [ynaq] (y) n
 Do you want to see your conduct and achievements? [ynq] (y) n
 Do you want to see the dungeon overview? [ynq] (y) n

Inventory:
 Coins    ('$')
  $ - 30 gold pieces
 Weapons  (')')
  d - 26 +0 ya (in quiver)
  c - a blessed +0 yumi
  f - a +0 dart
  j - a +0 dagger
  r - a +0 orcish dagger
  a - a +0 katana (weapon in right hand)
  b - a +0 wakizashi (alternate weapon; not wielded)
 Armor    ('[')
  e - an uncursed rustproof +0 splint mail (being worn)
 Comestibles  ('%')
  v - an uncursed partly eaten gnome corpse
 Scrolls  ('?')
  q - a blessed scroll of enchant weapon
  h - an uncursed scroll of teleportation
 Potions  ('!')
  n - a blessed potion of healing
  u - a cursed potion of see invisible
  l - an uncursed potion of speed
 Tools    ('(')
  m - a blessed crystal ball (0:7)
  o - an uncursed magic whistle
  t - an uncursed skeleton key

2459783kj the Samurai's attributes:

Background:
 You were a Ronin, a level 3 female human Samurai.
 You were lawful, on a mission for Amaterasu Omikami
 who was opposed by Raijin (neutral) and Susanowo (chaotic).
 You were right-handed.
 You were in the Gnomish Mines, on level 4.
 You entered the dungeon 1154 turns ago.
 There was a full moon in effect when your adventure ended.
 You had 52 experience points, 28 more were needed to attain level 4.

Basics:
 You had 0 out of 37 hit points.
 You had all 12 energy points (spell power).
 Your armor class was 4.
 Your wallet contained 30 zorkmids.
 Autopickup was off.

Final Characteristics:
 Your strength was 14 (base:15, limit:18/100).
 Your dexterity was 16 (limit:18).
 Your constitution was 18 (limit:18).
 Your intelligence was 11 (limit:18).
 Your wisdom was 8 (limit:18).
 Your charisma was 8 (limit:18).

Final Status:
 You were weak from severe hunger.
 You were stressed; movement was moderately slowed.
 You were wielding a long sword.
 You had basic skill with long sword.

Final Attributes:
 You were devoutly aligned.
 You were warded.
 You were fast.
 You were lucky.
 You are dead.

Miscellaneous:
 You didn't encounter any bones levels.
 Total elapsed playing time was 22 minutes and 28 seconds.

Major events:
 Turn
    1: 2459783kj the lawful female human Samurai entered the dungeon
  992: attained the rank of Ronin (level 3)
 1138: entered the Gnomish Mines
 1154: killed by a dwarf

You didn't know any spells.

Skills:
 Fighting Skills
   martial arts      [Basic]
   two weapon combat [Unskilled]
   riding            [Unskilled]
 Weapon Skills
   dagger            [Unskilled]
   knife             [Unskilled]
   short sword       [Basic]
   broadsword        [Unskilled]
   long sword        [Basic]
   two-handed sword  [Unskilled]
   saber             [Unskilled]
   flail             [Unskilled]
   quarterstaff      [Unskilled]
   polearms          [Unskilled]
   spear             [Unskilled]
   lance             [Unskilled]
   bow               [Basic]
   shuriken          [Unskilled]
 Spellcasting Skills
   attack spells     [Unskilled]
   divination spells [Unskilled]
   clerical spells   [Unskilled]

Voluntary challenges:
 Character rerolling was not enabled.
 You never genocided any monsters.
 You never polymorphed an object.
 You never changed form.
 You used no wishes.
Achievements:
 You attained the rank of Ronin.
 You entered the Gnomish Mines.

 The Dungeons of Doom: levels 1 to 3
    Level 1:
    Level 2:
       A fountain, a grave.
    Level 3:
       Stairs down to The Gnomish Mines.
 The Gnomish Mines:
    Level 4: <- You were here.
       Final resting place for
          you, killed by a dwarf.


Vanquished creatures:
  a shrieker
  2 giant rats
  2 yellow molds
  a gnome
  4 jackals
  a kobold
  a goblin
  a sewer rat
  a lichen
  a kobold zombie
  4 newts
19 creatures vanquished.

No species were genocided or became extinct.

Game over:
                       ----------
                      /          \
                     /    REST    \
                    /      IN      \
                   /     PEACE      \
                  /                  \
                  |    2459783kj     |
                  |      30 Au       |
                  |   killed by a    |
                  |      dwarf       |
                  |                  |
                  |                  |
                  |       2026       |
                 *|     *  *  *      | *
        _________)/\\_//(\/(/\)/\//\/|_)_______

Sayonara 2459783kj the Samurai...

You died in The Gnomish Mines on dungeon level 4 with 385 points,
and 30 pieces of gold, after 1154 moves.
You were level 3 with a maximum of 37 hit points when you died.

